[ AOE2 MATCH · #466151141 ]
1v1 RMGurjaras vs Teutons
Player's team · LOSS
Rival team · WIN
[ REPLAY ANALYSIS · EXTRACTED FROM THE RECORDED GAME ]
Feudal
9:31
Castle
24:16
Imperial
43:34
| APM avg | 40.2 |
| APM peak | 67 |
| eAPM avg | 22.7 |
| Villagers / military | 143 / 154 |
Focus
⚔️ 44.9% · 🌾 55.1%
Archer ×43 · Hand Cannoneer ×33 · Skirmisher ×24 · Camel Scout ×24 · Scout Cavalry ×14 · Trebuchet (Packed) ×4
Feudal
9:35
Castle
24:59
Imperial
42:01
| APM avg | 62.0 |
| APM peak | 96 |
| eAPM avg | 32.9 |
| Villagers / military | 201 / 196 |
Focus
⚔️ 35.6% · 🌾 64.4%
Spearman ×51 · Skirmisher ×51 · Knight ×41 · Archer ×19 · Militia ×9 · Scout Cavalry ×9
Match map
Initial resources + every placement click. Lines = walls · curves = elevation contours. ◆ gold · ⬟ stone · ● berries · ✦ relic · ◌ wall gap
Your base· Open — 5t gap
YuYa_AoE's base· ✓ Closed at 24:59 · 37t walls · 1 gate(s)
Smoothed initial terrain · ◌ = detected wall gap · hover for details
Inputs per minute
— SbS | Havoc - - YuYa_AoE
Build order — SbS | Havoc
First 150 of 464 actions detected
| 0:00 | Create | Villager (Male) |
| 0:01 | Create | Villager (Male) |
| 0:01 | Create | Villager (Male) |
| 0:02 | Build | House |
| 0:03 | Build | House |
| 0:21 | Create | Villager (Male) |
| 0:47 | Build | Mill |
| 1:41 | Create | Villager (Male) |
| 2:08 | Create | Villager (Male) |
| 2:08 | Create | Villager (Male) |
| 2:22 | Create | Villager (Male) |
| 2:43 | Create | Villager (Male) |
| 2:43 | Create | Villager (Male) |
| 3:06 | Build | House |
| 3:10 | Create | Villager (Male) |
| 3:27 | Create | Villager (Male) |
| 4:14 | Create | Villager (Male) |
| 4:34 | Create | Villager (Male) |
| 4:48 | Build | Lumber Camp |
| 5:16 | Create | Villager (Male) |
| 5:27 | Create | Villager (Male) |
| 5:43 | Create | Villager (Male) |
| 6:17 | Create | Villager (Male) |
| 6:18 | Research | Loom |
| 7:21 | Research | Feudal Age |
| 7:50 | Build | Lumber Camp |
| 7:54 | Build | Palisade Wall |
| 8:43 | Build | House |
| 8:55 | Build | Barracks |
| 9:10 | Create | Villager (Male) |
| 9:31 | Age | Feudal Age |
| 9:34 | Create | Villager (Male) |
| 9:53 | Build | Stable |
| 10:03 | Build | Palisade Wall |
| 10:08 | Build | Palisade Wall |
| 10:09 | Build | House |
| 10:13 | Build | Palisade Wall |
| 10:14 | Build | Palisade Wall |
| 10:41 | Create | Scout Cavalry |
| 10:42 | Create | Scout Cavalry |
| 10:45 | Create | Villager (Male) |
| 10:51 | Build | House |
| 11:21 | Create | Scout Cavalry |
| 11:21 | Create | Villager (Male) |
| 11:46 | Create | Villager (Male) |
| 11:48 | Research | Double-Bit Axe |
| 12:05 | Research | Horse Collar |
| 12:06 | Create | Villager (Male) |
| 12:09 | Build | Farm |
| 12:12 | Build | Farm |
| 12:20 | Build | Farm |
| 12:31 | Create | Villager (Male) |
| 12:33 | Build | Archery Range |
| 12:48 | Build | Farm |
| 13:11 | Create | Villager (Male) |
| 13:15 | Create | Skirmisher |
| 13:15 | Create | Skirmisher |
| 13:16 | Build | House |
| 13:20 | Build | Farm |
| 13:21 | Build | Farm |
| 13:26 | Create | Villager (Male) |
| 14:12 | Create | Villager (Male) |
| 14:13 | Create | Skirmisher |
| 14:25 | Build | Farm |
| 14:25 | Build | Farm |
| 14:31 | Build | Farm |
| 14:35 | Create | Skirmisher |
| 14:40 | Create | Villager (Male) |
| 14:44 | Build | Farm |
| 14:45 | Build | Farm |
| 14:57 | Create | Skirmisher |
| 15:00 | Create | Villager (Male) |
| 15:14 | Create | Villager (Male) |
| 15:23 | Build | Farm |
| 15:27 | Create | Skirmisher |
| 15:35 | Create | Villager (Male) |
| 15:43 | Build | House |
| 15:53 | Create | Villager (Male) |
| 15:58 | Build | Farm |
| 16:12 | Create | Villager (Male) |
| 16:14 | Build | Blacksmith |
| 16:22 | Create | Skirmisher |
| 16:29 | Create | Skirmisher |
| 16:40 | Build | House |
| 16:41 | Build | House |
| 16:42 | Build | House |
| 16:56 | Build | Mining Camp |
| 17:02 | Create | Skirmisher |
| 17:03 | Create | Scout Cavalry |
| 17:04 | Create | Scout Cavalry |
| 17:09 | Research | Fletching |
| 17:13 | Build | Farm |
| 17:23 | Create | Villager (Male) |
| 17:24 | Create | Villager (Male) |
| 17:28 | Build | Farm |
| 17:36 | Build | Farm |
| 18:05 | Build | Farm |
| 18:30 | Research | Wheelbarrow |
| 18:31 | Research | Wheelbarrow |
| 18:33 | Build | Farm |
| 18:38 | Build | Farm |
| 18:48 | Build | Archery Range |
| 19:05 | Create | Archer |
| 19:33 | Build | House |
| 19:56 | Create | Archer |
| 19:56 | Create | Archer |
| 20:50 | Create | Skirmisher |
| 20:50 | Create | Skirmisher |
| 20:58 | Build | Market |
| 21:14 | Build | House |
| 21:16 | Create | Spearman |
| 21:18 | Create | Spearman |
| 21:22 | Build | House |
| 21:36 | Research | Castle Age |
| 21:51 | Build | House |
| 21:57 | Build | Archery Range |
| 22:12 | Create | Archer |
| 22:13 | Create | Archer |
| 22:14 | Research | Padded Archer Armor |
| 22:26 | Create | Villager (Male) |
| 22:53 | Create | Archer |
| 22:54 | Create | Archer |
| 23:15 | Create | Archer |
| 23:35 | Create | Archer |
| 23:35 | Create | Archer |
| 23:56 | Create | Archer |
| 23:56 | Create | Archer |
| 24:00 | Research | Stone Mining |
| 24:02 | Research | Gold Mining |
| 24:08 | Create | Archer |
| 24:16 | Age | Castle Age |
| 24:16 | Research | Crossbowman (upgrade) |
| 24:23 | Build | Siege Workshop |
| 24:27 | Research | Bodkin Arrow |
| 24:27 | Research | Bodkin Arrow |
| 24:29 | Research | Bow Saw |
| 24:52 | Create | Archer |
| 24:52 | Create | Archer |
| 24:55 | Create | Villager (Male) |
| 24:55 | Create | Villager (Male) |
| 25:06 | Create | Archer |
| 25:07 | Create | Archer |
| 25:20 | Build | Monastery |
| 25:35 | Create | Armored Elephant |
| 25:35 | Create | Armored Elephant |
| 25:39 | Create | Villager (Male) |
| 25:42 | Research | Heavy Plow |
| 25:44 | Create | Villager (Male) |
| 25:53 | Create | Archer |
| 25:56 | Research | Scale Barding Armor |
Build order — YuYa_AoE
First 150 of 470 actions detected
| 0:00 | Create | Villager (Male) |
| 0:00 | Create | Villager (Male) |
| 0:00 | Create | Villager (Male) |
| 0:01 | Build | House |
| 0:02 | Build | House |
| 0:05 | Create | Villager (Male) |
| 0:05 | Create | Villager (Male) |
| 1:25 | Create | Villager (Male) |
| 1:45 | Research | Loom |
| 2:05 | Build | Lumber Camp |
| 2:16 | Create | Villager (Male) |
| 2:33 | Create | Villager (Male) |
| 2:33 | Create | Villager (Male) |
| 2:49 | Create | Villager (Male) |
| 2:49 | Create | Villager (Male) |
| 3:08 | Create | Villager (Male) |
| 3:08 | Create | Villager (Male) |
| 3:40 | Create | Villager (Male) |
| 3:56 | Create | Villager (Male) |
| 4:24 | Create | Villager (Male) |
| 4:26 | Build | House |
| 4:52 | Create | Villager (Male) |
| 4:52 | Create | Villager (Male) |
| 5:07 | Create | Villager (Male) |
| 5:26 | Create | Villager (Male) |
| 5:34 | Build | Barracks |
| 6:43 | Build | House |
| 7:25 | Research | Feudal Age |
| 7:38 | Build | Mining Camp |
| 8:10 | Create | Militia |
| 8:10 | Create | Militia |
| 8:42 | Build | Mill |
| 8:58 | Build | House |
| 9:20 | Build | Farm |
| 9:25 | Create | Militia |
| 9:35 | Age | Feudal Age |
| 9:36 | Create | Villager (Male) |
| 9:49 | Build | Archery Range |
| 10:10 | Create | Villager (Male) |
| 10:11 | Create | Villager (Male) |
| 10:39 | Create | Villager (Male) |
| 10:39 | Create | Villager (Male) |
| 10:51 | Create | Villager (Male) |
| 10:54 | Build | House |
| 10:55 | Create | Archer |
| 10:55 | Create | Archer |
| 11:02 | Build | Farm |
| 11:03 | Build | Farm |
| 11:21 | Create | Spearman |
| 11:23 | Create | Villager (Male) |
| 11:35 | Build | Farm |
| 11:35 | Build | Farm |
| 11:45 | Create | Villager (Male) |
| 11:47 | Build | Farm |
| 11:54 | Build | Farm |
| 11:56 | Build | Farm |
| 12:05 | Build | Palisade Wall |
| 12:06 | Build | House |
| 12:12 | Create | Archer |
| 12:13 | Create | Villager (Male) |
| 12:22 | Build | Palisade Wall |
| 12:22 | Create | Villager (Male) |
| 12:35 | Create | Spearman |
| 12:56 | Create | Villager (Male) |
| 13:00 | Build | Palisade Wall |
| 13:03 | Build | Palisade Wall |
| 13:11 | Create | Archer |
| 13:16 | Create | Villager (Male) |
| 13:17 | Create | Villager (Male) |
| 13:25 | Build | House |
| 13:27 | Create | Villager (Male) |
| 13:29 | Build | Farm |
| 13:45 | Create | Villager (Male) |
| 14:01 | Create | Villager (Male) |
| 14:08 | Create | Spearman |
| 14:09 | Create | Archer |
| 14:14 | Create | Villager (Male) |
| 14:41 | Create | Skirmisher |
| 14:44 | Create | Skirmisher |
| 14:58 | Create | Villager (Male) |
| 15:01 | Create | Villager (Male) |
| 15:06 | Build | Stable |
| 15:08 | Create | Villager (Male) |
| 15:10 | Build | Farm |
| 15:10 | Build | Farm |
| 15:10 | Build | Farm |
| 15:17 | Research | Double-Bit Axe |
| 15:17 | Research | Double-Bit Axe |
| 15:18 | Create | Militia |
| 15:29 | Create | Spearman |
| 15:35 | Create | Villager (Male) |
| 15:40 | Create | Villager (Male) |
| 15:48 | Create | Skirmisher |
| 15:51 | Create | Villager (Male) |
| 15:51 | Create | Villager (Male) |
| 16:00 | Create | Villager (Male) |
| 16:05 | Create | Scout Cavalry |
| 16:11 | Build | Palisade Gate |
| 16:12 | Build | House |
| 16:14 | Create | Scout Cavalry |
| 16:17 | Build | House |
| 16:21 | Create | Archer |
| 16:25 | Research | Horse Collar |
| 16:33 | Create | Archer |
| 16:41 | Build | House |
| 16:41 | Create | Villager (Male) |
| 16:46 | Build | House |
| 16:46 | Create | Villager (Male) |
| 16:51 | Create | Villager (Male) |
| 17:11 | Create | Villager (Male) |
| 17:15 | Build | Palisade Wall |
| 17:15 | Create | Villager (Male) |
| 17:19 | Build | Lumber Camp |
| 17:19 | Create | Villager (Male) |
| 17:20 | Create | Villager (Male) |
| 17:23 | Create | Archer |
| 17:29 | Create | Scout Cavalry |
| 17:39 | Build | Farm |
| 17:43 | Build | House |
| 18:05 | Create | Villager (Male) |
| 18:09 | Build | Blacksmith |
| 18:10 | Create | Villager (Male) |
| 18:20 | Create | Archer |
| 18:24 | Create | Scout Cavalry |
| 18:25 | Create | Villager (Male) |
| 18:27 | Build | Blacksmith |
| 18:27 | Create | Villager (Male) |
| 18:34 | Build | Farm |
| 18:34 | Build | Farm |
| 18:42 | Create | Archer |
| 18:43 | Create | Villager (Male) |
| 18:50 | Create | Villager (Male) |
| 18:54 | Build | Farm |
| 18:56 | Build | House |
| 19:01 | Build | Palisade Wall |
| 19:05 | Build | Palisade Wall |
| 19:06 | Build | Palisade Wall |
| 19:06 | Build | Palisade Wall |
| 19:08 | Create | Villager (Male) |
| 19:11 | Create | Archer |
| 19:21 | Research | Fletching |
| 19:23 | Create | Scout Cavalry |
| 19:25 | Create | Villager (Male) |
| 19:43 | Create | Scout Cavalry |
| 19:44 | Create | Villager (Male) |
| 19:47 | Create | Archer |
| 19:48 | Create | Villager (Male) |
| 19:52 | Build | House |
| 19:53 | Build | House |
| 19:53 | Create | Villager (Male) |
Match timeline
| 5:34 | YuYa_AoE · first_building Barracks |
| 7:54 | SbS | Havoc · wall_segment Palisade Wall x11 |
| 8:55 | SbS | Havoc · first_building Barracks |
| 9:31 | SbS | Havoc · age_up feudal |
| 9:35 | YuYa_AoE · age_up feudal |
| 9:49 | YuYa_AoE · first_building Archery Range |
| 9:53 | SbS | Havoc · first_building Stable |
| 10:03 | SbS | Havoc · wall_segment Palisade Wall x1 |
| 10:08 | SbS | Havoc · wall_segment Palisade Wall x1 |
| 10:13 | SbS | Havoc · wall_segment Palisade Wall x1 |
| 10:14 | SbS | Havoc · wall_segment Palisade Wall x1 |
| 12:05 | YuYa_AoE · wall_segment Palisade Wall x1 |
| 12:22 | YuYa_AoE · wall_segment Palisade Wall x11 |
| 12:33 | SbS | Havoc · first_building Archery Range |
| 13:00 | YuYa_AoE · wall_segment Palisade Wall x1 |
| 13:03 | YuYa_AoE · wall_segment Palisade Wall x1 |
| 15:06 | YuYa_AoE · first_building Stable |
| 17:15 | YuYa_AoE · wall_segment Palisade Wall x5 |
| 19:01 | YuYa_AoE · wall_segment Palisade Wall x9 |
| 19:05 | YuYa_AoE · wall_segment Palisade Wall x7 |
| 19:06 | YuYa_AoE · wall_segment Palisade Wall x1 |
| 19:06 | YuYa_AoE · wall_segment Palisade Wall x1 |
| 22:00 | YuYa_AoE · first_market_buy 100 food |
| 22:01 | YuYa_AoE · first_market_sell 500 wood |
| 22:14 | YuYa_AoE · wall_segment Palisade Wall x1 |
| 23:38 | SbS | Havoc · first_market_sell 100 food |
| 24:16 | SbS | Havoc · age_up castle |
| 24:23 | SbS | Havoc · first_building Siege Workshop |
| 24:59 | YuYa_AoE · age_up castle |
| 25:20 | SbS | Havoc · first_building Monastery |
| 29:04 | SbS | Havoc · first_market_buy 100 wood |
| 30:28 | YuYa_AoE · first_building Monastery |
| 35:23 | SbS | Havoc · first_building Castle |
| 36:48 | YuYa_AoE · first_building Siege Workshop |
| 39:25 | YuYa_AoE · first_building Castle |
| 42:01 | YuYa_AoE · age_up imperial |
| 43:34 | SbS | Havoc · age_up imperial |
| 49:32 | SbS | Havoc · resign |
[ AI ANALYSIS · 1 CREDIT ]
What really happened in this match?
Wolo.gg analyzes every decision: build order, eco, micro, common mistakes by bracket. Personalized analysis on WhatsApp or Discord in 30 seconds.
Civ guide
Gurjaras
Map guide
Arabia
Perfil
SbS | Havoc